Selects Luftwaffe Battlegroup
Selects Luftwaffe Battlegroup
Selects Luftwaffe Pioneer Support
Fallschirmpioneer Squad Paradrop
Fallschirmpioneer Squad Paradrop
Construct Infanterie Kompanie
Construct Panzergrenadier Kompanie
Selects Flak 38 Anti-Air Emplacement
Pak 40 Anti-tank Gun Team
Selects Flak 38 Anti-Air Emplacement
Panzergrenadier Officer Quarters
Construct Panzer Kompanie
Selects Infantry Reserves
Selects Reconnaissance Run
Selects Fallschirmjäger Squad Paradrop